 Dungeon Crawl Stone Soup version 0.24-a0-536-gdd4cf15266 (webtiles) character file.

Game seed: 9325586072247077534

171 Peloso the Shield-Bearer (level 5, -11/47 HPs)
             Began as a Minotaur Fighter on Aug 11, 2019.
             Mangled by an ogre
             ... wielding a cursed -3 giant club
              (17 damage)
             ... on level 4 of the Dungeon.
             The game lasted 00:04:14 (2340 turns).

Peloso the Shield-Bearer (Minotaur Fighter)         Turns: 2340, Time: 00:04:15

Health: -11/47     AC:  7    Str: 20    XL:     5   Next: 26%
Magic:  4/4        EV:  7    Int:  5    God:
Gold:   173        SH: 10    Dex: 11    Spells: 4/4 levels left

rFire    x . .     SeeInvis .   a - +0 long sword
rCold    + . .     Gourm    .   c - +1 shield
rNeg     . . .     Faith    .   b - +0 scale mail
rPois    .         Spirit   .   (helmet restricted)
rElec    .         Reflect  .   (no cloak)
rCorr    .         Harm     .   (no gloves)
MR       .....                  (no boots)
Stlth    ..........             (no amulet)
HPRegen  0.15/turn              m - ring of ice
MPRegen  0.09/turn              (no ring)

@: no status effects
A: retaliatory headbutt, horns 2
a: no special abilities


You were on level 4 of the Dungeon.
You were not hungry.

You visited 1 branch of the dungeon, and saw 4 of its levels.

You collected 173 gold pieces.

Inventory:

Hand Weapons
 a - a +0 long sword (weapon)
Armour
 b - a +0 scale mail (worn)
 c - a +1 shield (worn)
Jewellery
 m - a ring of ice (left hand)
Wands
 p - a wand of digging (6)
Scrolls
 g - 3 scrolls of identify
 n - a scroll of remove curse
 o - 4 scrolls of blinking {unknown}
 t - a scroll of enchant armour
Potions
 d - 3 potions of might
 e - a potion of berserk rage {unknown}
 h - 2 potions of agility
 i - 2 potions of haste {unknown}
 j - a potion of ambrosia
 k - 3 potions of degeneration {unknown}
 l - a potion of cancellation {unknown}
 q - 3 potions of curing {unknown}
 r - 2 potions of flight {unknown}
 s - 2 potions of resistance {unknown}
Comestibles
 f - 7 rations
 u - 3 chunks of flesh


   Skills:
 + Level 4.6 Fighting
 + Level 4.4 Long Blades
 + Level 4.3 Armour
 + Level 0.3 Dodging
 + Level 0.1 Stealth
 + Level 4.7 Shields


You had 4 spell levels left.
You didn't know any spells.
Your spell library was empty.

Dungeon Overview and Level Annotations

Branches:
Dungeon (4/15)
 Temple: D:4-7

Altars:
Dithmenos
Kikubaaqudgha
Yredelemnul


Innate Abilities, Weirdness & Mutations

You reflexively headbutt those who attack you in melee.
You have a pair of horns on your head.


Message History

The phantom is lightly damaged.
You block the phantom's attack.
The phantom hits you but does no damage.
You miss the phantom.
The phantom is lightly damaged.
The phantom blinks!
The ogre hits you with a cursed -3 giant club!
The phantom blinks!
Your scale mail prevents you from hitting the ogre.
You headbutt the ogre.
The ogre is lightly wounded.
The ogre hits you with a cursed -3 giant club!
* * * LOW HITPOINT WARNING * * *
You slash the ogre!
The ogre is moderately wounded.
The ogre completely misses you.
You hit the ogre.
The ogre is heavily wounded.
The ogre hits you with a cursed -3 giant club!
You die...

#...........(.#
##.............#
#..............#
#.......).....##
#......).....##
#.......).....#
##........###.#
#####........#
..#
#.O@.###.....#
#..# #.####
#....## ...
.O$..W'.# #....#
... ......###
#....# ...
§...§. #...## ..
..... #...# .
##+## #...#
#..## ##..##


You could see a phantom and an ogre.

Vanquished Creatures
  3 gnolls (D:2)
  4 adders
  3 oozes
  3 worms
  2 dart slugs
  7 orcs
  9 bats
  4 giant cockroaches
  8 goblins
  9 hobgoblins
  6 jackals (D:1)
  A ball python (D:1)
  6 frilled lizards
  6 kobolds
  4 rats (D:1)
75 creatures vanquished.

Notes
Turn   | Place    | Note
-------+----------+-------------------------------------------
     0 | D:1      | Peloso the Minotaur Fighter began the quest for the Orb.
     0 | D:1      | Reached XP level 1. HP: 19/19 MP: 0/0
   170 | D:1      | Reached XP level 2. HP: 23/27 MP: 1/1
   430 | D:1      | Reached XP level 3. HP: 31/33 MP: 2/2
   985 | D:2      | Found a faded altar of an unknown god.
   985 | D:2      | Found an ancient bone altar of Kikubaaqudgha.
   991 | D:2      | Found a shadowy altar of Dithmenos.
   993 | D:2      | Found a faded altar of an unknown god.
   994 | D:2      | Found a basalt altar of Yredelemnul.
  1250 | D:2      | Reached XP level 4. HP: 35/40 MP: 3/3
  1733 | D:3      | Reached XP level 5. HP: 44/47 MP: 4/4
  2328 | D:4      | Noticed an ogre
  2328 | D:4      | Noticed a phantom
  2340 | D:4      | Mangled by an ogre

Levels and vault maps discovered:
D:1:      minmay_arrival_checkered_box, layout_basic
D:2:      layout_loops_cross, chequers_temple_overflow_minitemple, first_ration
D:3:      layout_loops_cross
D:4:      layout_cave_pods, minmay_misc_feat_ornament, kennysheep_small_square

Skill      XL: |  1  2  3  4 |
---------------+-------------+-----
Shields        | 4 |  4.7
Armour         | 4 |  4.3
Fighting       | 4 |  4.6
Long Blades    | 3 4 |  4.4
Dodging        | |  0.3
Stealth        | |  0.1

Action                   |  1- 3 |  4- 6 || total
-------------------------+-------+-------++-------
Melee: Long sword        |    89 |    86 ||   175
       Headbutt          |    14 |    22 ||    36
  Use: Scroll            |     1 |     7 ||     8
  Eat: Chunk             |     1 |     4 ||     5
Armor: Scale mail        |    57 |    26 ||    83
Dodge: Dodged            |    32 |    27 ||    59
Block: Shield            |    51 |    62 ||   113
       Rpst.: Long sword |    11 |     5 ||    16

Table legend:
 A = Non-vault XP
 B = Vault XP
 C = Vault XP percentage of total XP
 D = Non-vault monster count
 E = Vault monster count
 F = Vault count percentage of total count
                 A         B        C        D         E       F
            +---------+---------+-------+---------+---------+-------
      Total |     245 |       0 |   0.0 |      75 |       0 |   0.0
            +---------+---------+-------+---------+---------+-------
        D:1 |      63 |       0 |   0.0 |      34 |       0 |   0.0
        D:2 |      81 |       0 |   0.0 |      16 |       0 |   0.0
        D:3 |      80 |       0 |   0.0 |      19 |       0 |   0.0
        D:4 |      21 |       0 |   0.0 |       6 |       0 |   0.0
            +---------+---------+-------+---------+---------+-------
